Map: [ESL] Oceanborn

Players

ShaDoWn - Winner!

  • Race: Protoss Protoss
  • Spawn Location: 5:00

Mixu

  • Race: Zerg Zerg
  • Spawn Location: 11:00

Event: ESL Spring 2024 Finals

VOD

Have the link to the VOD?

Description

Time

  • Played on: May 31, 2024, 1:20 p.m.
  • Length: 7:20

All games in this series

Show
View Real Time Build Order
Export as new Build Order

ShaDoWn Protoss - Winner!

Build Orders: 1 Gate Expand, Oracle Opening 

Get SALT Encoding   

  12  0:00  Probe  
  13  0:12  Probe  
  14  0:19  Pylon  
  14  0:24  Probe  
  15  0:32  Assimilator  
  15  0:37  Probe (Chrono Boost)  
  16  0:43  Gateway  
  16  0:46  Probe (Chrono Boost)  
  17  0:52  Probe  
  18  1:04  Probe  
  19  1:16  Probe  
  20  1:22  Nexus  
  20  1:31  Cybernetics Core  
  20  1:34  Probe  
  20  1:39  Assimilator  
  21  1:46  Probe  
  22  1:49  Pylon  
  22  1:58  Probe  
  23  2:04  Adept (Chrono Boost)  
  25  2:10  Probe (Chrono Boost)  
  25  2:12  Stargate  
  26  2:22  Warp Gate, Probe (Chrono Boost)  
  27  2:27  Adept  
  27  2:28  Probe (Chrono Boost)  
  30  2:34  Probe (Chrono Boost)  
  32  2:42  Probe (Chrono Boost)  
  32  2:44  Probe (Chrono Boost)  
  33  2:49  Probe x2 (Chrono Boost)  
  35  2:56  Oracle (Chrono Boost)  
  35  2:57  Adept  
  40  3:00  Probe  
  40  3:04  Probe  
  42  3:10  Pylon  
  42  3:13  Probe  
  42  3:17  Probe  
  44  3:25  Probe  
  44  3:26  Oracle  
  45  3:29  Probe  
  45  3:33  Gateway  
  49  3:37  Probe  
  50  3:41  Pylon  
  50  3:47  Nexus  
  50  3:51  Probe  
  50  3:52  Probe  
  51  4:01  Oracle (Chrono Boost)  
  51  4:03  Probe  
  51  4:04  Probe  
  51  4:07  Pylon  
  56  4:15  Adept, Probe  
  56  4:16  Probe  
  60  4:17  Assimilator  
  60  4:18  Assimilator  
  60  4:27  Probe  
  60  4:28  Adept, Probe  
  60  4:31  Twilight Council  
  64  4:35  Adept  
  66  4:39  Probe  
  66  4:40  Probe  
  66  4:45  Forge  
  68  4:49  Pylon  
  68  4:50  Stalker  
  70  4:55  Protoss Ground Weapons Level 1 (Chrono Boost)  
  70  4:59  Probe x2  
  72  5:00  Probe  
  72  5:03  Gateway  
  73  5:09  Blink (Chrono Boost)  
  73  5:11  Probe x2  
  73  5:12  Probe  
  68  5:22  Gateway  
  68  5:23  Probe x2  
  68  5:24  Probe  
  64  5:30  Gateway x2  
  64  5:31  Stalker  
  64  5:32  Stalker, Probe  
  64  5:35  Probe x2  
  70  5:39  Pylon  
  70  5:40  Probe  
  71  5:47  Probe x2  
  74  5:50  Assimilator, Probe  
  74  5:51  Assimilator  
  74  5:54  Stalker  
  74  5:55  Stalker  
  79  5:57  Shield Battery  
  79  5:58  Stalker  
  79  5:59  Probe  
  82  6:08  Photon Cannon  
  82  6:12  Shield Battery  
  82  6:16  Stalker  
  82  6:17  Stalker, Pylon  
  86  6:19  Shield Battery  
  86  6:21  Stalker x2, Photon Cannon  
  86  6:25  Stalker  
  90  6:26  Stalker  
  90  6:37  Photon Cannon  
  90  6:39  Shield Battery  
  88  6:40  Stalker x2, Pylon  
  88  6:44  Stalker  
  88  6:45  Stalker  
  96  6:48  Sentry  
  98  6:59  Cybernetics Core  
  98  7:01  Zealot  
  100  7:03  Zealot x2  
  100  7:05  Pylon  
  100  7:08  Zealot  
  104  7:12  Zealot x2  
Show
View Real Time Build Order
Export as new Build Order

Mixu Zerg 

Build Orders: Hatch First 

Get SALT Encoding   

  12  0:00  Drone  
  13  0:12  Overlord  
  13  0:16  Drone  
  14  0:30  Drone x2  
  16  0:48  Hatchery  
  15  0:51  Drone  
  15  0:55  Drone  
  17  0:58  Drone  
  18  1:09  Extractor  
  17  1:13  Spawning Pool  
  17  1:16  Drone  
  17  1:20  Drone  
  18  1:27  Drone  
  19  1:39  Drone  
  20  1:50  Overlord  
  20  2:00  Queen x2  
  24  2:02  Zergling x4  
  26  2:10  Drone  
  26  2:11  Metabolic Boost  
  26  2:12  Drone  
  28  2:21  Drone x2  
  30  2:33  Hatchery  
  30  2:36  Drone  
  30  2:39  Drone  
  30  2:44  Overlord  
  31  2:49  Queen  
  33  2:52  Drone  
  33  2:53  Drone  
  33  2:55  Drone  
  36  3:04  Drone  
  37  3:08  Drone, Overlord  
  37  3:09  Drone x2  
  40  3:24  Drone  
  40  3:26  Drone x3, Queen  
  44  3:30  Drone  
  44  3:31  Queen  
  49  3:35  Drone  
  49  3:40  Overlord  
  52  3:41  Drone x2  
  52  3:52  Overlord  
  48  3:55  Extractor  
  48  3:56  Spore Crawler  
  48  3:57  Drone x2  
  48  3:58  Drone x3  
  48  4:05  Lair  
  48  4:09  Drone  
  48  4:14  Drone x2  
  50  4:17  Drone  
  50  4:19  Drone x2  
  53  4:26  Drone x3  
  56  4:34  Overlord  
  56  4:35  Zergling x4  
  58  4:39  Queen  
  58  4:41  Zergling x6  
  63  4:45  Queen  
  63  4:49  Zergling x6  
  68  4:54  Zergling x8  
  68  4:56  Zergling x2  
  68  4:59  Zergling x2  
  75  5:00  Zergling x4  
  75  5:06  Zergling x4  
  76  5:07  Nydus Network  
  76  5:09  Zergling x2  
  76  5:13  Zergling x6  
  75  5:15  Nydus Network  
  75  5:18  Zergling x2  
  75  5:19  Queen  
  74  5:23  Zergling x4  
  75  5:31  Queen  
  75  5:32  Zergling x6  
  80  5:37  Zergling x4  
  80  5:41  Spore Crawler  
  81  5:43  Zergling x2  
  81  5:47  Overlord x2  
  82  5:54  Nydus Canal  
  82  5:55  Overlord  
  82  6:02  Spore Crawler  
  82  6:03  Overlord  
  81  6:08  Queen  
  81  6:09  Zergling x10  
  87  6:13  Nydus Canal  
  87  6:14  Zergling x2  
  87  6:18  Zergling x6  
  87  6:20  Zergling x2  
  87  6:23  Zergling x4  
  86  6:28  Zergling x6  
  86  6:30  Zergling x2  
  86  6:32  Zergling x4  
  89  6:38  Zergling x6  
  90  6:42  Queen  
  90  6:46  Zergling x4  
  93  6:51  Zergling x6  
  91  6:55  Zergling x4  
  91  7:00  Zergling x4  
Tags
 
Add a new tag
Caveats
  • Supply blocks, unpowered buildings, or Contaminate may cause inaccurate times.
  • Supply counts are checked every 10 seconds.